 Dungeon Crawl Stone Soup version 0.25.1-1-g288607f5aa (webtiles) character file.

Game seed: 14199197677224941053

13635 protoss039 the Thaumaturge (level 11, -1/96 HPs)
             Began as a Deep Elf Earth Elementalist on July 25, 2020.
             Was an Elder of Sif Muna.
             Slain by a redback (10 damage)
             ... in a Gauntlet.
             The game lasted 01:06:12 (15648 turns).

protoss039 the Thaumaturge (DEEE)                  Turns: 15648, Time: 01:06:13

Health: -1/96      AC: 25    Str:  5    XL:     11   Next: 78%
Magic:  10/40      EV:  2    Int: 24    God:    Sif Muna [****..]
Gold:   589        SH:  0    Dex: 15    Spells: 11/38 levels left

rFire    . . .     SeeInvis .   r - +3 short sword
rCold    . . .     Gourm    .   (no shield)
rNeg     + + +     Faith    .   (armour currently unavailable)
rPois    +         Spirit   .   (helmet currently unavailable)
rElec    .         Reflect  .   (cloak currently unavailable)
rCorr    .         Harm     .   (gloves currently unavailable)
MR       +....     NoTele   +   (boots currently unavailable)
Stlth    ++........             (no amulet)
HPRegen  0.26/turn              y - ring of magical power
MPRegen  0.27/turn              (no ring)

@: tree-form
A: no striking features
a: Channel Magic, Forget Spell, Divine Exegesis, Renounce Religion


You were in a Gauntlet.
You worshipped Sif Muna.
Sif Muna was greatly pleased with you.
You were very hungry.
You were a tree.
You visited 1 branch of the dungeon, and saw 11 of its levels.
You also visited: Gauntlet.

You collected 589 gold pieces.

Inventory:

Hand Weapons
 c - a +5 scimitar of freezing
 r - a +3 short sword (weapon)
 M - a +2 scimitar of flaming
Missiles
 b - 26 stones (quivered)
Armour
 n - a +0 pair of boots (melded)
 o - the +2 hat of Impressiveness (melded) {rN+}
   (You found it in a Gauntlet)

   It protects you from negative energy.
 q - a +2 helmet
 A - a +0 cloak (melded)
 I - a +0 pair of gloves (melded)
 N - a +2 robe of magic resistance (melded)
Jewellery
 y - a ring of magical power (left branch)
 B - an uncursed ring of ice
Wands
 t - a wand of iceblast (16)
 u - a wand of clouds (6)
 F - a wand of disintegration (7)
 H - a wand of digging (6)
 J - a wand of flame (12)
 K - a wand of acid (2)
Scrolls
 e - 5 scrolls of enchant weapon
 f - 3 scrolls of magic mapping
 h - a scroll of blinking
 j - 3 scrolls of amnesia
 l - 3 scrolls of immolation
 m - a scroll of enchant armour
 s - 4 scrolls of remove curse
 w - 3 scrolls of teleportation
 G - 2 scrolls of holy word
Potions
 a - 3 potions of stabbing
 g - a potion of heal wounds {unknown}
 i - 2 potions of cancellation
 p - 2 potions of invisibility
 v - 3 potions of mutation
 x - 2 potions of flight {unknown}
 z - 2 potions of brilliance
 C - 2 potions of curing {unknown}
 D - a potion of ambrosia {unknown}
Comestibles
 d - 23 rations


   Skills:
 * Level 5.7 Fighting
 - Level 3.0 Dodging
 - Level 3.0 Stealth
 + Level 14.0 Spellcasting
 + Level 5.0 Conjurations
 - Level 6.0 Hexes
 - Level 4.0 Charms
 - Level 2.0 Transmutations
 - Level 4.0 Ice Magic
 + Level 11.4 Earth Magic
 + Level 4.2 Invocations
 - Level 1.3 Evocations


You had 11 spell levels left.
You knew the following spells:

 Your Spells              Type           Power        Failure   Level  Hunger
a - Sandblast             Erth           ######       1%          1    None
b - Passwall              Tmut/Erth      #####...     1%          2    None
c - Stone Arrow           Conj/Erth      ######       1%          3    None
d - Petrify               Tmut/Erth      #####...     2%          4    None
e - Lee's Rapid Deconstr  Erth           ######....   1%          5    ###....
f - Cause Fear            Hex            #####.....   3%          4    None
g - Slow                  Hex            #####...     1%          2    None
h - Ozocubu's Armour      Chrm/Ice       #####...     1%          3    None
i - Frozen Ramparts       Ice            #####.       1%          3    None

Your spell library contained the following spells:

 Spells                   Type           Power        Failure   Level  Hunger
 Beastly Appendage        Tmut           ####..       1%          1    None
 Corona                   Hex            #####..      1%          1    None
 Freeze                   Ice            ####         1%          1    None
 Leda's Liquefaction      Hex/Erth       ######....   1%          4    None
 Sticks to Snakes         Tmut           ####....     2%          2    None
 Inner Flame              Hex/Fire       ####....     3%          3    None
 Portal Projectile        Hex/Tloc       ####..       3%          3    None
 Hailstorm                Conj/Ice       #####...     5%          4    None
 Spider Form              Tmut/Pois      ###.......   7%          3    None
 Ice Form                 Ice/Tmut       ####....     10%         4    None
 Summon Ice Beast         Ice/Summ       ####....     16%         4    None
 Blade Hands              Tmut           ####......   38%         5    ###....


Dungeon Overview and Level Annotations

Branches:
Dungeon (11/15)            Temple (0/1) D:7            Lair (0/6) D:8
Gauntlet (1/1)
    Orc: D:9-12

Altars:
Dithmenos
Fedhas
Gozag
Hepliaklqana
Kikubaaqudgha
Okawaru
Ru
Sif Muna
Trog
Uskayaw
Vehumet
Wu Jian
Yredelemnul

Shops:
D:11 (

Annotations:
D:2 2 transporters
D:10 1 exclusion Gauntlet 13 transporters


Message History

The entropy weaver hits you but does no damage. x2
The redback bites you but does no damage.
The entropy weaver hits you.
* * * LOW HITPOINT WARNING * * *
The entropy weaver hits you but does no damage.
The entropy weaver hits you.
* * * LOW HITPOINT WARNING * * *
The entropy weaver hits you but does no damage.
Unknown command.
Unknown command.
Casting: Lee's Rapid Deconstruction (dangerous; 1% risk of failure)
Confirm with . or Enter, or press ? or * to list all spells.
Aiming: Lee's Rapid Deconstruction (dangerous; 1% risk of failure)
Press: ? - help, Dir - move target cursor A stone wall.
The wall shatters!
The blast of rock fragments hits the entropy weaver!
The entropy weaver is almost dead.
The redback bites you!
You die...

#########.###########.###########
.!)©[..2#.##.!$©=..##.#=.#[©(.9Y#
.##.##..#.#.#.....#^#.#...#...99#
##...##.#.#..#...#..#.#..Y#....##
#.....#.#.#...#.#...#.#...Y#.##.#
...©....#.#....#^...#.#...###...#
#.....#.#.#...#©#...#.#9##©#....#
##...##.#.#.^#.a.#^.#.##9...#...#
.##.##..#.#.#..s♣.#.#.#9....#...#
........#.##.......##.#9.....#..#
#################################
...©#≈≈≈≈8≈§§§#©...........©.....
###########################.#####
.........©.........©#≈≈8≈≈#.#....
###########################.#....
..#.#....©....#.#.^.......#.#..##
#.#.#.##...##.#.#.#....^#.#.#..#8


You could see an entropy weaver, a redback and a gargoyle.

Vanquished Creatures
  Erica (D:8)
  A two-headed ogre (D:10)
  A skeletal warrior (D:10)
  A sixfirhy (Gauntlet)
  An unseen horror (D:8)
  Pikel (D:8)
  A deep elf mage (D:10)
  Joseph (D:7)
  A shining eye (Gauntlet)
  A jumping spider (Gauntlet)
  A hornet (D:10)
  Prince Ribbit (D:9)
  2 golden eyes (Gauntlet)
  Grum (D:8)
  9 yaks (D:9)
  A hungry ghost (D:9)
  Edmund (D:5)
  5 orc warriors
  A sky beast (D:9)
  A slave (D:8)
  A black bear (D:7)
  3 ice beasts
  2 necrophages
  4 wolves (D:8)
  3 phantoms
  9 ogres
  3 centaurs
  A big kobold (D:7)
  6 bullfrogs
  A gnoll sergeant (D:8)
  2 wyvern skeletons
  A water moccasin skeleton (D:4)
  3 scorpions
  15 killer bees
  16 wights
  A howler monkey (D:6)
  A bullfrog zombie (D:6)
  2 crimson imps
  6 jellies
  6 human zombies (D:9)
  A centaur zombie (D:10)
  5 orc priests
  4 hounds
  7 orc wizards
  A human skeleton (D:9)
  2 iguanas (D:8)
  Ijyb (D:3)
  5 worker ants
  A hound skeleton (D:8)
  Robin (D:2)
  A mummy (D:9)
  14 gnolls
  11 adders
  4 river rats (D:7)
  2 worker ant zombies
  2 shadow imps
  3 ufetubi (Gauntlet)
  6 oozes
  An adder skeleton (D:8)
  3 worms
  A dart slug (D:1)
  5 leopard geckos
  38 orcs
  3 ball pythons
  A giant cockroach (D:1)
  14 goblins
  13 hobgoblins
  23 jackals
  6 quokkas
  10 bats
  7 frilled lizards
  A jackal skeleton (D:5)
  14 kobolds
  A leopard gecko skeleton (D:4)
  A quokka skeleton (D:9)
  A quokka zombie (D:6)
  4 rats
337 creatures vanquished.

Vanquished Creatures (others)
  A centaur (D:8)
  A bullfrog (D:8)
  An orc wizard (D:8)
  A gnoll (D:8)
  A fungus (Gauntlet)
  8 plants
  4 toadstools (D:1)
17 creatures vanquished.

Grand Total: 354 creatures vanquished

Notes
Turn   | Place    | Note
-------+----------+-------------------------------------------
     0 | D:1      | protoss039 the Deep Elf Earth Elementalist began the quest
                  | for the Orb.
     0 | D:1      | Reached XP level 1. HP: 10/10 MP: 6/6
   484 | D:1      | Reached XP level 2. HP: 15/15 MP: 5/8
  1533 | D:2      | Reached XP level 3. HP: 10/19 MP: 0/9
  1779 | D:2      | HP: 1/28 [adder (4)]
  2142 | D:2      | Found a hazy altar of Hepliaklqana.
  2142 | D:2      | Noticed a necrophage
  2142 | D:2      | Noticed a hippogriff
  2144 | D:2      | Noticed a bullfrog
  2244 | D:2      | Reached skill level 4 in Spellcasting
  2245 | D:2      | Reached XP level 4. HP: 20/24 MP: 4/12
  2535 | D:2      | Found a transporter.
  2545 | D:2      | Found a transporter.
  2547 | D:2      | Noticed Robin
  2600 | D:1      | Learned a level 2 spell: Passwall
  2604 | D:1      | Learned a level 3 spell: Stone Arrow
  2695 | D:2      | Killed Robin
  3517 | D:1      | Reached skill level 5 in Spellcasting
  3619 | D:2      | Reached XP level 5. HP: 28/28 MP: 7/14
  3935 | D:3      | Reached skill level 5 in Earth Magic
  4033 | D:3      | Noticed Ijyb
  4049 | D:3      | Killed Ijyb
  4155 | D:3      | Reached skill level 1 in Conjurations
  4532 | D:3      | Reached skill level 6 in Spellcasting
  4532 | D:3      | Reached XP level 6. HP: 32/32 MP: 13/17
  4631 | D:3      | Found an ancient bone altar of Kikubaaqudgha.
  5871 | D:4      | Reached skill level 7 in Spellcasting
  5987 | D:5      | Entered Level 5 of the Dungeon
  5987 | D:5      | Noticed an orc warrior
  5992 | D:5      | Reached XP level 7. HP: 36/36 MP: 8/19
  6249 | D:5      | Reached skill level 1 in Evocations
  6373 | D:5      | Found a bloodstained altar of Trog.
  6379 | D:5      | Learned a level 4 spell: Petrify
  6385 | D:5      | Learned a level 5 spell: Lee's Rapid Deconstruction
  6390 | D:5      | Learned a level 4 spell: Cause Fear
  6393 | D:5      | Learned a level 2 spell: Slow
  6393 | D:5      | Found a blossoming altar of Fedhas.
  6393 | D:5      | Found a hide-covered altar of Uskayaw.
  6395 | D:5      | Found a shimmering blue altar of Sif Muna.
  6395 | D:5      | Found an iron altar of Okawaru.
  6397 | D:5      | Found an ornate altar of the Wu Jian Council.
  6397 | D:5      | Found a radiant altar of Vehumet.
  6399 | D:5      | Found a sacrificial altar of Ru.
  6409 | D:5      | Became a worshipper of Sif Muna the Loreminder
  6618 | D:5      | Noticed Edmund
  6626 | D:5      | Killed Edmund
  6626 | D:5      | Reached skill level 1 in Fighting
  6627 | D:5      | Reached skill level 8 in Spellcasting
  6627 | D:5      | Reached skill level 1 in Invocations
  6858 | D:5      | Reached XP level 8. HP: 22/43 MP: 16/22
  7662 | D:6      | You fall into a shaft and drop 3 floors!
  7684 | D:9      | Learned a level 3 spell: Ozocubu's Armour
  7687 | D:9      | Noticed Prince Ribbit
  7690 | D:9      | Reached * piety under Sif Muna
  7692 | D:9      | Killed Prince Ribbit
  7692 | D:9      | Reached skill level 1 in Hexes
  7692 | D:9      | Reached skill level 1 in Charms
  7692 | D:9      | Reached skill level 1 in Ice Magic
  7913 | D:9      | Reached skill level 9 in Spellcasting
  8120 | D:9      | Reached XP level 9. HP: 47/49 MP: 13/24
  8209 | D:8      | Reached ** piety under Sif Muna
  8209 | D:8      | Reached skill level 10 in Spellcasting
  8575 | D:7      | Noticed Joseph
  9353 | D:7      | Found a staircase to the Ecumenical Temple.
  9621 | D:7      | Killed Joseph
  9621 | D:7      | Reached skill level 11 in Spellcasting
 10094 | D:7      | Learned a level 3 spell: Frozen Ramparts
 10172 | D:8      | Found a shadowy altar of Dithmenos.
 10299 | D:8      | Found an opulent altar of Gozag.
 10313 | D:8      | Noticed Pikel
 10318 | D:8      | Killed Pikel
 10318 | D:8      | Reached XP level 10. HP: 57/57 MP: 10/27
 10338 | D:8      | Killed an unseen horror
 10671 | D:8      | Noticed Erica
 10677 | D:8      | Killed Erica
 10677 | D:8      | Reached skill level 12 in Spellcasting
 10677 | D:8      | Reached skill level 10 in Earth Magic
 11650 | D:8      | Found a staircase to the Lair.
 11678 | D:8      | Noticed Grum
 11691 | D:8      | Reached *** piety under Sif Muna
 11706 | D:8      | Killed Grum
 12253 | D:9      | Reached skill level 5 in Fighting
 12609 | D:9      | Reached XP level 11. HP: 63/63 MP: 9/29
 12951 | D:9      | Reached skill level 13 in Spellcasting
 13203 | D:9      | Found a basalt altar of Yredelemnul.
 13571 | D:10     | Entered Level 10 of the Dungeon
 13583 | D:10     | Noticed a two-headed ogre
 13588 | D:10     | Killed a two-headed ogre
 13588 | D:10     | Reached **** piety under Sif Muna
 13588 | D:10     | Reached skill level 5 in Hexes
 13864 | D:10     | Noticed a deep elf mage
 13868 | D:10     | Killed a deep elf mage
 14829 | D:11     | Found Vajatuoqa's Weapon Boutique.
 14849 | D:11     | Noticed a skeletal warrior
 14849 | D:11     | Noticed a skeletal warrior
 14849 | D:11     | Noticed a skeletal warrior
 14850 | D:11     | Noticed a skeletal warrior
 14876 | D:11     | Noticed a seven-headed hydra
 14885 | D:10     | Killed a skeletal warrior
 14993 | D:11     | Found a gate leading to a gauntlet.
 15003 | Gauntlet | Entered a Gauntlet
 15003 | Gauntlet | Found a transporter.
 15013 | Gauntlet | Noticed a fire crab
 15014 | Gauntlet | Found a transporter.
 15029 | Gauntlet | Found a transporter.
 15034 | Gauntlet | Found a transporter.
 15055 | Gauntlet | Found a transporter.
 15056 | Gauntlet | Noticed a death drake
 15068 | Gauntlet | Found a transporter.
 15080 | Gauntlet | Found a transporter.
 15080 | Gauntlet | Noticed a hell beast
 15092 | Gauntlet | Found a transporter.
 15092 | Gauntlet | Noticed an entropy weaver
 15104 | Gauntlet | Found a transporter.
 15106 | Gauntlet | Noticed a catoblepas
 15116 | Gauntlet | Found a transporter.
 15116 | Gauntlet | Noticed a hell beast
 15133 | Gauntlet | Found a transporter.
 15151 | Gauntlet | Found a transporter.
 15153 | Gauntlet | Found a transporter.
 15154 | Gauntlet | Noticed a shining eye
 15179 | Gauntlet | Found a transporter.
 15179 | Gauntlet | Noticed a sixfirhy
 15199 | Gauntlet | Found a transporter.
 15277 | Gauntlet | Found a transporter.
 15297 | Gauntlet | Found a transporter.
 15319 | Gauntlet | Found a transporter.
 15411 | Gauntlet | Killed a sixfirhy
 15411 | Gauntlet | Reached skill level 5 in Conjurations
 15431 | Gauntlet | Got a scorched hat
 15442 | Gauntlet | Identified the +2 hat of Impressiveness {rN+} (You found it
                  | in a Gauntlet)
 15568 | Gauntlet | Killed a shining eye
 15646 | Gauntlet | Reached skill level 14 in Spellcasting
 15648 | Gauntlet | Slain by a redback

Illustrated notes

Levels and vault maps discovered:
D:1:      lemuel_arrival_funnel, layout_basic, minmay_gold_behind_fungi,
          minmay_tiny_reverse_x
D:2:      layout_rooms, gammafunk_temple_overflow_arena, hangedman_decor_points,
          dk_noncrumbling_2, uniq_robin
D:3:      layout_rooms, overflow_temple_1_default, minmay_circle_x, uniq_ijyb
D:4:      layout_gridville, first_ration, serial_rivers,
          chequers_serial_rivers_room_a, chequers_serial_rivers_marsh,
          chequers_serial_rivers_micro_c, chequers_serial_rivers_small_b,
          minmay_misc_feat_x
D:5:      layout_rooms, grunt_temple_overflow_open, uniq_edmund
D:6:      layout_loops_ring
D:7:      wad_woods_tower, layout_basic, temple_green, uniq_joseph
D:8:      layout_loops_cross, nicolae_gozag_cash_rules_everything_around_me,
          lair_entry_dummy, serial_co_window_serial, co_window_corner_a,
          co_window_paths_a, co_window_of_opportunity_a, co_window_corner_a,
          co_window_paths_b, co_window_paths_c, co_window_paths_c,
          co_window_broadway_b, co_window_unsneaky_path_b, glass_columns_a,
          glass_columns_b, glass_columns_b, hangedman_little_slice_of_home,
          grunt_dithmenos_smoke, uniq_pikel, uniq_grum, uniq_erica
D:9:      layout_roguey, lemuel_mausoleum_altar_yredelemnul, uniq_prince_ribbit1
D:10:     layout_loops_ring, minmay_fractal_squares_5
D:11:     layout_roguey, serial_shops, kennysheep_mini, gauntlet_entry_generic
Gauntlet: gammafunk_gauntlet_one_two_three [gammafunk_gauntlet_arena_corners,
          nicolae_gauntlet_arena_blocks, gammafunk_gauntlet_arena_mazey,
          nicolae_gauntlet_arena_grate_2, nicolae_gauntlet_swirl,
          nicolae_gauntlet_arena_x, gammafunk_gauntlet_arena_split_diamond,
          nicolae_gauntlet_arena_flowing_pool, gammafunk_gauntlet_arena_split_x,
          gauntlet_exit_hidden_loot]

Skill      XL: |  1  2  3  4  5  6  7  8  9 10 11 |
---------------+----------------------------------+-----
Stealth        | 3 |  3.0
Dodging        | 3 |  3.0
Earth Magic    | 4 5 6 7 9 10 11 | 11.4
Spellcasting   | 4 5 6 7 8 9 11 12 14 | 14.0
Conjurations   | 1 2 3 4 5 |  5.0
Evocations     | 1 |  1.3
Fighting       | 1 2 4 5 |  5.7
Transmutations | 2 |  2.0
Invocations    | 1 3 4 |  4.2
Hexes          | 1 4 6 |  6.0
Charms         | 1 2 4 |  4.0
Ice Magic      | 1 2 4 |  4.0

Action                   |  1- 3 |  4- 6 |  7- 9 | 10-12 || total
-------------------------+-------+-------+-------+-------++-------
Melee: Dagger            |    58 |    41 |       |       ||    99
       Whip              |     1 |       |       |       ||     1
       Short sword       |       |    32 |    11 |    22 ||    65
 Cast: Sandblast         |    38 |    52 |    82 |    55 ||   227
       Stone Arrow       |       |    48 |    81 |   108 ||   237
       Lee's Rapid Decon |       |       |    10 |    33 ||    43
       Petrify           |       |       |       |     1 ||     1
       Cause Fear        |       |       |       |     1 ||     1
Invok: Channel Magic     |       |       |     1 |       ||     1
Evoke: Wand              |       |       |       |     1 ||     1
  Use: Potion            |     3 |       |       |     5 ||     8
       Scroll            |       |       |       |    12 ||    12
 Stab: Sleeping          |     3 |     1 |     2 |       ||     6
       Distracted        |       |     1 |       |       ||     1
  Eat: Chunk             |     4 |    14 |    13 |    16 ||    47
       Ration            |       |       |       |     1 ||     1
Armor: Robe              |     9 |    25 |    16 |    35 ||    85
       Skin              |       |       |       |    23 ||    23
Dodge: Dodged            |    52 |    76 |    42 |    59 ||   229
